 Dungeon Crawl Stone Soup version 0.28-b1-25-g9875b3fc8c (webtiles) character file.

Game seed: 2078183037066798642

42 crazypyro the Insei (level 3, -2/29 HPs)
             Began as a Demonspawn Monk on Jan 31, 2022.
             Slain by Sigmund (7 damage)
             ... on level 2 of the Dungeon.
             The game lasted 00:01:45 (1350 turns).

crazypyro the Insei (Demonspawn Monk)               Turns: 1350, Time: 00:01:45

Health: -2/29      AC:  6    Str: 13    XL:     3   Next: 35%
Magic:  3/3        EV: 11    Int: 11    God:
Gold:   61         SH:  0    Dex: 15    Spells: 2/2 levels left

rFire   . . .      SeeInvis .     - Unarmed
rCold   . . .      Faith    .   (no shield)
rNeg    . . .      Spirit   .   f - +0 ring mail
rPois   .          Reflect  .   (helmet restricted)
rElec   .          Harm     .   (no cloak)
rCorr   .          Rampage  .   (no gloves)
Will    .....                   c - +0 pair of boots
Stlth   +.........              (no amulet)
HPRegen 0.09/turn               (no ring)
MPRegen 0.08/turn               (no ring)

@: no status effects
A: horns 2
a: no special abilities


You were on level 2 of the Dungeon.
You visited 1 branch of the dungeon, and saw 2 of its levels.

You collected 61 gold pieces.

Inventory:

Armour
 a - a +0 robe
 c - a +0 pair of boots (worn)
 f - a +0 ring mail (worn)
Scrolls
 b - a scroll of noise {unknown}
 d - a scroll of identify {unknown}
Potions
 e - a potion of flight {unknown}


   Skills:
 - Level 3.0 Fighting
 - Level 2.6 Dodging
 - Level 1.7 Stealth
 + Level 4.1 Unarmed Combat


You had 2 spell levels left.
You didn't know any spells.
Your spell library contained the following spells:

 Spells                   Type           Power      Damage    Failure   Level
 Static Discharge         Conj/Air       0%         N/A       75%         2
 Lightning Bolt           Conj/Air       0%         1d11      100%        5
 Maxwell's Capacitive Co  Air            0%         ∞         100%        8


Dungeon Overview and Level Annotations

Branches:
Dungeon (2/15)

Altars:
Dithmenos

Annotations:
D:2 Sigmund


Innate Abilities, Weirdness & Mutations

You have a pair of horns on your head.


Message History

Found a spear.
The goblin hits you but does no damage.
You closely miss the goblin. Your headbutt misses the goblin.
The goblin closely misses you.
You barely miss the goblin. The goblin barely misses you.
You punch the goblin!
You kill the goblin!
No target in view!
No target in view!
You see here a +0 dagger.
Found a shadowy altar of Dithmenos.
There is a stone staircase leading up here.
You see here 12 stones.
There is a stone staircase leading down here.
Found a stone staircase leading down.
No target in view!
No target in view!
There is a stone staircase leading down here.
There is a stone staircase leading down here.
Sigmund the Dreaded comes into view.
He is wielding a +0 scythe and wearing a +2 robe of resistance.
A ball python comes into view.
The ball python hisses angrily.
You hear an angry hiss.
Sigmund casts a spell.
Sigmund flickers and vanishes!
Deactivating autopickup; reactivate with Ctrl-A.
A dart slug and a ball python come into view.
The ball python hisses angrily.
The ball python misses you. The ball python grabs you.
The ball python constricts you. Something hits you!
You escape the ball python's grasp.
The dart slug launches a dart at you. The slug dart hits you.
You closely miss something. Something hits you!
* * * LOW HITPOINT WARNING * * *
The ball python bites you but does no damage.
The ball python closely misses you.
You barely miss something. The dart slug barely misses you.
The ball python barely misses you. The ball python closely misses you.
Something hits you!
You die...

#############
#...........#
##
#.#########.#
## ### . #.#
#.# #.
...#.#.# #.#
#. #..#.###
#.# #.
#...S..#
#.### #.
#..#@#.#
#...# #.
#....w{..#
#######.# #.
...#..#.#.#
#.......# #.
..........#
#.#####.# #.
.###. ### #
#.# #. #.
#.###. .
#####....# ##
#.......##
....###.##.#


You could see a dart slug and a ball python.

Vanquished Creatures
  A worm (D:2)
  A dart slug (D:1)
  An orc (D:2)
  4 bats (D:1)
  2 endoplasms (D:1)
  A giant cockroach (D:1)
  4 goblins
  2 hobgoblins (D:1)
  5 jackals (D:1)
  A quokka (D:1)
  3 ball pythons (D:1)
  3 frilled lizards
  4 kobolds
  2 rats (D:1)
34 creatures vanquished.

Notes
Turn   | Place    | Note
-------+----------+-------------------------------------------
     0 | D:1      | crazypyro the Demonspawn Monk began the quest for the Orb.
     0 | D:1      | Reached XP level 1. HP: 18/18 MP: 1/1
    85 | D:1      | Reached skill level 3 in Unarmed Combat
   147 | D:1      | Gained mutation: You have a pair of small horns on your
                  | head. [demonic ancestry]
   147 | D:1      | Reached XP level 2. HP: 21/24 MP: 2/2
   525 | D:1      | Gained mutation: You have a pair of horns on your head.
                  | [demonic ancestry]
   525 | D:1      | Reached XP level 3. HP: 25/29 MP: 3/3
   904 | D:2      | Reached skill level 4 in Unarmed Combat
  1152 | D:2      | Found a shadowy altar of Dithmenos.
  1323 | D:2      | Noticed Sigmund
  1350 | D:2      | Slain by Sigmund

Illustrated notes

Levels and vault maps discovered:
D:1:      nagdon_arrival_double_spiral, layout_basic
D:2:      layout_loops_ring, basic_altar, serial_bayou_pond_d,
          minmay_indecisive_spiral, uniq_sigmund

Skill      XL: |  1  2  3 |
---------------+----------+-----
Unarmed Combat | 3 4 |  4.1
Fighting       | |  3.0
Dodging        | |  2.6
Stealth        | |  1.7

Action                   || total
-------------------------++-------
Melee: Unarmed           ||    95
       Punch             ||     5
       Headbutt          ||    13
 Stab: Sleeping          ||     2
Armor: Robe              ||    31
       Ring mail         ||     5
Dodge: Dodged            ||    67
